 Dungeon Crawl Stone Soup version 0.21-a0-625-g1119ec1 (webtiles) character file.

654 tidbits the Insei (level 7, -2/78 HPs)
             Began as a Gnoll Transmuter on Dec 25, 2017.
             Slain by an elf zombie (5 damage)
             ... in an ossuary.
             The game lasted 00:08:08 (921 turns).

tidbits the Insei (Gnoll Transmuter)                 Turns: 921, Time: 00:08:09

Health: -2/78      AC:  2    Str: 18    XL:     7   Next: 54%
Magic:  5/15       EV: 24    Int: 22    God:
Gold:   76         SH:  0    Dex: 20    Spells: 11/17 levels left

rFire    . . .     SeeInvis +     - Unarmed
rCold    . . .     Gourm    .   (shield currently unavailable)
rNeg     . . .     Faith    .   (armour currently unavailable)
rPois    x         Spirit   .   (helmet currently unavailable)
rElec    .         Reflect  .   (cloak currently unavailable)
rCorr    .         Harm     .   (gloves currently unavailable)
MR       .....                  (boots currently unavailable)
Stlth    ..........             (no amulet)
HPRegen  0.23/turn              k - +5 ring of intelligence
MPRegen  0.14/turn              I - ring of see invisible

@: berserking, spider-form (expiring), very slightly contaminated, very quick
A: tiny, distributed training, strong nose
a: End Transformation


You were in an ossuary.
You were hungry.
You were a venomous arachnid creature.
You visited 1 branch of the dungeon, and saw 4 of its levels.
You also visited: Ossuary.

You collected 76 gold pieces.

Inventory:

Hand Weapons
 h - a +0 rapier
 i - a +0 dagger (melded)
 n - a +0 quarterstaff
 p - a +0 glaive
Missiles
 a - 58 arrows
Armour
 b - a +0 robe
 e - a +0 ring mail
 B - a +0 robe (melded)
 E - a +0 helmet (melded)
Jewellery
 k - a +5 ring of intelligence (left front leg)
   (You found it on level 2 of the Dungeon)
 I - a ring of see invisible (right front leg)
   (You found it on level 3 of the Dungeon)
Scrolls
 f - a scroll of fog {unknown}
 j - 2 scrolls of enchant weapon
 m - 2 scrolls of magic mapping {unknown}
 o - a scroll of blinking
 r - 3 scrolls of fear {unknown}
Potions
 g - 2 potions of flight
 l - 2 potions of might
 q - a potion of cancellation {unknown}
 t - a potion of curing
 u - a potion of berserk rage
Books
 c - a book of Changes

   Spells                             Type                      Level
   a - Beastly Appendage              Transmutation                1
   b - Sticks to Snakes               Transmutation                2
   c - Spider Form                    Transmutation/Poison         3
   d - Ice Form                       Ice/Transmutation            4
   e - Blade Hands                    Transmutation                5
Comestibles
 d - 5 rations


   Skills:
 + Level 3.6 Fighting
 + Level 2.5 Short Blades
 + Level 2.5 Long Blades
 + Level 2.5 Axes
 + Level 2.5 Maces & Flails
 + Level 2.5 Polearms
 + Level 2.5 Staves
 + Level 2.5 Slings
 + Level 2.5 Bows
 + Level 2.5 Crossbows
 + Level 2.5 Throwing
 + Level 2.5 Armour
 + Level 5.2 Dodging
 + Level 2.5 Stealth
 + Level 2.5 Shields
 + Level 7.0 Unarmed Combat
 + Level 5.6 Spellcasting
 + Level 2.0 Conjurations
 + Level 2.0 Hexes
 + Level 2.0 Charms
 + Level 2.0 Summonings
 + Level 2.0 Necromancy
 + Level 2.0 Translocations
 + Level 4.3 Transmutations
 + Level 2.0 Fire Magic
 + Level 2.0 Ice Magic
 + Level 2.0 Air Magic
 + Level 2.0 Earth Magic
 + Level 2.0 Poison Magic
 + Level 2.8 Invocations
 + Level 2.5 Evocations


You had 11 spell levels left.
You knew the following spells:

 Your Spells              Type           Power        Failure   Level  Hunger
e - Beastly Appendage     Tmut           ####..       7%          1    None
k - Sticks to Snakes      Tmut           ####....     9%          2    None
p - Spider Form           Tmut/Pois      ###.......   21%         3    ##.....


Dungeon Overview and Level Annotations

Branches:
Dungeon (4/15)
 Temple: D:4-7

Altars:
Uskayaw


Innate Abilities, Weirdness & Mutations

Your experience applies equally to all skills.
((You have very sharp teeth.))
Your uncanny sense of smell can sniff out nearby items.


Message History

Gang up on whom?
Press: ? - help, Dir - move target cursor, f - human zombie
Aim: a human zombie Attack!
Your adder withers and dies!
The human zombie closely misses you.
Your ball python bites the human zombie.
Your ball python closely misses the human zombie.
An elf zombie comes into view.
You hit the human zombie.
The human zombie is lightly damaged.
The human zombie closely misses you.
Your ball python barely misses the human zombie.
Your ball python closely misses the human zombie.
Your ball python bites the human zombie.
Your ball python barely misses the human zombie.
You bite the human zombie!
The human zombie is heavily damaged.
Your ball python withers and dies!
Your ball python bites the human zombie.
Your ball python grabs the human zombie.
Your ball python constricts the human zombie.
The human zombie completely misses you.
You hit the human zombie.
The human zombie is heavily damaged.
Your ball python bites the human zombie.
Your ball python constricts the human zombie.
You hit the human zombie.
The human zombie is severely damaged.
Your ball python bites the human zombie.
Your ball python constricts the human zombie.
The human zombie completely misses you.
You bite the human zombie!
The human zombie is almost destroyed.
Your ball python bites the human zombie.
Your ball python constricts the human zombie.
The human zombie completely misses you.
You bite the human zombie!
You destroy the human zombie!
You bite the human zombie!
The human zombie is lightly damaged.
Your ball python barely misses the human zombie.
Your ball python grabs the human zombie.
Your ball python constricts the human zombie.
Your ball python bites the human zombie.
Your ball python constricts the human zombie.
You hit the human zombie.
The human zombie is moderately damaged.
The human zombie completely misses you.
Your ball python bites the human zombie but does no damage.
Your ball python constricts the human zombie.
You hit the human zombie.
The human zombie is moderately damaged.
Your ball python loses its grip on the human zombie.
Your ball python withers and dies!
The human zombie completely misses you.
Casting: Spider Form
Confirm with . or Enter, or press ? or * to list all spells.
You create a snake!
You now have 59 arrows.
You bite the human zombie!
The human zombie is heavily damaged.
The human zombie hits you.
* * * LOW HITPOINT WARNING * * *
You bite the human zombie!
The human zombie is severely damaged.
The human zombie closely misses you.
You bite the human zombie!
The human zombie is almost destroyed.
The human zombie hits you!
* * * LOW HITPOINT WARNING * * *
You bite the human zombie!
You destroy the human zombie!
Casting: Sticks to Snakes
Confirm with . or Enter, or press ? or * to list all spells.
You miscast Sticks to Snakes.
You are very lightly contaminated with residual magic.
Your skin tingles.
Casting: Sticks to Snakes
Confirm with . or Enter, or press ? or * to list all spells.
You create a snake!
You now have 58 arrows.
Your transformation is almost over.
The elf zombie hits you.
* * * LOW HITPOINT WARNING * * *
Your ball python bites the elf zombie but does no damage.
Your ball python grabs the elf zombie.
Your ball python constricts the elf zombie.
You hit the elf zombie.
The elf zombie is lightly damaged.
Your ball python bites the elf zombie.
Your ball python constricts the elf zombie.
The elf zombie hits you.
* * * LOW HITPOINT WARNING * * *
A red film seems to cover your vision as you go berserk!
You feel yourself moving faster!
You feel mighty!
Your ball python bites the elf zombie but does no damage.
Your ball python constricts the elf zombie.
You bite the elf zombie!
The elf zombie is moderately damaged.
The elf zombie hits you.
You die... .ZZ

#.# #'# ###.### ##### .
##...Z.## ##...## ..
#.......# #.....#
...###...∩...###.....##
....'...∩∩∩...'ZS.....#
...###...∩...###sS...##
.. #.......# #.....# .
##.....## ##...##
###.### ##### #'# #.#
... ..... .......


You could see an elf zombie and 2 friendly ball pythons.

Vanquished Creatures
  The ghost of dxctxrx the Covert, an amateur GnAs (D:3)
  2 elf zombies (Ossuary)
  3 human zombies (Ossuary)
  Natasha (D:2)
  An iguana (D:4)
  A worker ant (D:4)
  2 mummies
  Robin (D:2)
  2 worms (D:3)
  A leopard gecko (D:3)
  2 orcs (D:4)
  4 bats
  A giant cockroach (D:4)
  11 goblins
  3 hobgoblins
  A quokka (D:2)
  A frilled lizard (D:1)
  A kobold (D:1)
  A rat (D:2)
40 creatures vanquished.

Vanquished Creatures (collateral kills)
  A phantom (D:4)
  A centaur zombie (Ossuary)
  An ooze (D:3)
  2 goblins (D:2)
  A hobgoblin (D:2)
  2 rats
8 creatures vanquished.

Grand Total: 48 creatures vanquished

Notes
Turn   | Place    | Note
-------+----------+-------------------------------------------
     0 | D:1      | tidbits the Gnoll Transmuter began the quest for the Orb.
     0 | D:1      | Reached XP level 1. HP: 17/17 MP: 6/6
   165 | D:2      | Reached XP level 2. HP: 23/23 MP: 5/7
   179 | D:2      | Learned a level 2 spell: Sticks to Snakes
   190 | D:2      | Noticed Robin
   208 | D:2      | Killed Robin
   208 | D:2      | Reached skill level 5 in Spellcasting
   208 | D:2      | Reached XP level 3. HP: 12/28 MP: 1/9
   226 | D:2      | Noticed Natasha
   236 | D:2      | Killed Natasha
   236 | D:2      | Reached skill level 1 in Short Blades
   236 | D:2      | Reached skill level 1 in Long Blades
   236 | D:2      | Reached skill level 1 in Axes
   236 | D:2      | Reached skill level 1 in Maces & Flails
   236 | D:2      | Reached skill level 1 in Polearms
   236 | D:2      | Reached skill level 1 in Staves
   236 | D:2      | Reached skill level 1 in Slings
   236 | D:2      | Reached skill level 1 in Bows
   236 | D:2      | Reached skill level 1 in Crossbows
   236 | D:2      | Reached skill level 1 in Throwing
   236 | D:2      | Reached skill level 1 in Armour
   236 | D:2      | Reached skill level 1 in Stealth
   236 | D:2      | Reached skill level 1 in Shields
   236 | D:2      | Reached skill level 1 in Invocations
   236 | D:2      | Reached skill level 1 in Evocations
   306 | D:3      | Noticed dxctxrx's ghost (amateur GnAs)
   360 | D:3      | Found a hide-covered altar of Uskayaw.
   406 | D:3      | Reached XP level 4. HP: 24/34 MP: 4/11
   432 | D:3      | Killed dxctxrx's ghost
   432 | D:3      | Reached skill level 3 in Fighting
   432 | D:3      | Reached skill level 1 in Conjurations
   432 | D:3      | Reached skill level 1 in Hexes
   432 | D:3      | Reached skill level 1 in Charms
   432 | D:3      | Reached skill level 1 in Summonings
   432 | D:3      | Reached skill level 1 in Necromancy
   432 | D:3      | Reached skill level 1 in Translocations
   432 | D:3      | Reached skill level 4 in Transmutations
   432 | D:3      | Reached skill level 1 in Fire Magic
   432 | D:3      | Reached skill level 1 in Ice Magic
   432 | D:3      | Reached skill level 1 in Air Magic
   432 | D:3      | Reached skill level 1 in Earth Magic
   432 | D:3      | Reached skill level 1 in Poison Magic
   432 | D:3      | Reached skill level 2 in Invocations
   432 | D:3      | Reached XP level 5. HP: 11/41 MP: 7/12
   432 | D:3      | Reached XP level 6. HP: 13/47 MP: 7/13
   443 | D:3      | Learned a level 3 spell: Spider Form
   598 | D:4      | Noticed a phantom
   617 | D:4      | Killed a phantom
   617 | D:4      | Reached skill level 2 in Short Blades
   617 | D:4      | Reached skill level 2 in Long Blades
   617 | D:4      | Reached skill level 2 in Axes
   617 | D:4      | Reached skill level 2 in Maces & Flails
   617 | D:4      | Reached skill level 2 in Polearms
   617 | D:4      | Reached skill level 2 in Staves
   617 | D:4      | Reached skill level 2 in Slings
   617 | D:4      | Reached skill level 2 in Bows
   617 | D:4      | Reached skill level 2 in Crossbows
   617 | D:4      | Reached skill level 2 in Throwing
   617 | D:4      | Reached skill level 2 in Armour
   617 | D:4      | Reached skill level 5 in Dodging
   617 | D:4      | Reached skill level 2 in Stealth
   617 | D:4      | Reached skill level 2 in Shields
   617 | D:4      | Reached skill level 2 in Evocations
   735 | D:4      | Found a sand-covered staircase.
   745 | Ossuary  | Entered an ossuary
   859 | Ossuary  | Reached XP level 7. HP: 34/52 MP: 10/15
   885 | Ossuary  | Reached skill level 7 in Unarmed Combat
   900 | Ossuary  | Reached skill level 2 in Conjurations
   900 | Ossuary  | Reached skill level 2 in Hexes
   900 | Ossuary  | Reached skill level 2 in Charms
   900 | Ossuary  | Reached skill level 2 in Summonings
   900 | Ossuary  | Reached skill level 2 in Necromancy
   900 | Ossuary  | Reached skill level 2 in Translocations
   900 | Ossuary  | Reached skill level 2 in Fire Magic
   900 | Ossuary  | Reached skill level 2 in Ice Magic
   900 | Ossuary  | Reached skill level 2 in Air Magic
   900 | Ossuary  | Reached skill level 2 in Earth Magic
   900 | Ossuary  | Reached skill level 2 in Poison Magic
   918 | Ossuary  | HP: 4/52 [elf zombie (6)]
   921 | Ossuary  | Slain by an elf zombie

Vault maps used:
D:1:      zelgadis_glass_arrival_small
D:2:      uniq_natasha, uniq_robin
D:3:      kiku_gazebo_garden_becter, old_standard_altar, uniq_jessica, uniq_ijyb
D:4:      first_ration, gup_ossuary_entry_pyramid
Ossuary:  ossuary_minmay_four_chambers

Skill      XL: |  1  2  3  4  5  6  7 |
---------------+----------------------+-----
Spellcasting   | 5 |  5.6
Short Blades   | 1 2 |  2.5
Long Blades    | 1 2 |  2.5
Axes           | 1 2 |  2.5
Maces & Flails | 1 2 |  2.5
Polearms       | 1 2 |  2.5
Staves         | 1 2 |  2.5
Slings         | 1 2 |  2.5
Bows           | 1 2 |  2.5
Crossbows      | 1 2 |  2.5
Throwing       | 1 2 |  2.5
Armour         | 1 2 |  2.5
Stealth        | 1 2 |  2.5
Shields        | 1 2 |  2.5
Invocations    | 1 2 |  2.8
Evocations     | 1 2 |  2.5
Fighting       | 3 |  3.6
Conjurations   | 1 2 |  2.0
Hexes          | 1 2 |  2.0
Charms         | 1 2 |  2.0
Summonings     | 1 2 |  2.0
Necromancy     | 1 2 |  2.0
Translocations | 1 2 |  2.0
Transmutations | 4 |  4.3
Fire Magic     | 1 2 |  2.0
Ice Magic      | 1 2 |  2.0
Air Magic      | 1 2 |  2.0
Earth Magic    | 1 2 |  2.0
Poison Magic   | 1 2 |  2.0
Dodging        | 5 |  5.2
Unarmed Combat | 7 |  7.0

Action                   |  1- 3 |  4- 6 |  7- 9 || total
-------------------------+-------+-------+-------++-------
Melee: Unarmed           |    37 |    46 |    41 ||   124
       Kick              |     6 |       |       ||     6
       Bite              |     4 |     2 |       ||     6
       Punch             |     1 |     1 |       ||     2
 Cast: Beastly Appendage |    12 |       |       ||    12
       Sticks to Snakes  |     5 |     4 |     4 ||    13
       Spider Form       |       |     8 |     1 ||     9
 Abil: End Transformatio |       |     1 |       ||     1
  Use: Potion            |     1 |     3 |     2 ||     6
       Scroll            |       |     5 |       ||     5
 Stab: Sleeping          |     2 |     1 |       ||     3
       Distracted        |       |       |     1 ||     1
Armor: Robe              |     4 |     1 |       ||     5
       Skin              |       |     1 |       ||     1
Dodge: Dodged            |    21 |    32 |    23 ||    76

Table legend:
 A = Spawn XP
 B = Non-spawn XP
 C = Spawn XP percentage of total XP
 D = Spawn monster count
 E = Non-spawn monster count
 F = Spawn count percentage of total count
 G = Total turns spent on level
                    A         B        C        D         E        F      G
               +---------+---------+-------+---------+---------+-------+---------
         Total |       0 |     935 |   0.0 |       0 |      48 |   0.0 |   921
               +---------+---------+-------+---------+---------+-------+---------
           D:1 |       0 |       6 |   0.0 |       0 |       4 |   0.0 |   116
           D:2 |       0 |      72 |   0.0 |       0 |      18 |   0.0 |   238
           D:3 |       0 |     315 |   0.0 |       0 |      12 |   0.0 |   157
           D:4 |       0 |     199 |   0.0 |       0 |       7 |   0.0 |   234
       Ossuary |       0 |     343 |   0.0 |       0 |       7 |   0.0 |   176
               +---------+---------+-------+---------+---------+-------+---------

Table legend:
 A = Turns spent in this place as a percentage of turns spent in the entire game.
 B = Non-inter-level travel turns spent in this place as a percentage of non-inter-level travel turns spent in the entire game.
 C = Inter-level travel turns spent in this place as a percentage of turns spent in this place.
 D = Turns resting spent in this place as a percentage of non-inter-level travel turns spent in this place.
 E = Turns spent auto-exploring this place as a percentage of non-inter-level travel turns spent in this place.
 F = Non-inter-level travel turns spent in this place divided by the number of levels of this place that you've seen.
                   A       B       C       D       E      F
               +-------+-------+-------+-------+-------+----------------------
         Total | 100.0 | 100.0 |   0.0 |   0.0 |   0.0 | 184.2
       Dungeon |  80.9 |  80.9 |   0.0 |   0.0 |   0.0 | 186.2
       Ossuary |  19.1 |  19.1 |   0.0 |   0.0 |   0.0 | 176.0
               +-------+-------+-------+-------+-------+----------------------

Table legend:
 A = Kills in this place as a percentage of kills in entire the game.
 B = Kills by you in this place as a percentage of kills by you in the entire game.
 C = Kills by friends in this place as a percentage of kills by friends in the entire game.
 D = Other kills in this place as a percentage of other kills in the entire game.
 E = Experience gained in this place as a percentage of experience gained in the entire game.
 F = Experience gained in this place divided by the number of levels of this place that you have seen.
                   A       B       C       D       E      F
               +-------+-------+-------+-------+-------+----------------------
         Total | 100.0 | 100.0 | 100.0 |   N/A | 100.0 | 187.0
       Dungeon |  85.4 |  85.0 |  87.5 |   N/A |  63.3 | 148.0
       Ossuary |  14.6 |  15.0 |  12.5 |   N/A |  36.7 | 343.0
               +-------+-------+-------+-------+-------+----------------------

Vault maps used:
D:1:      zelgadis_glass_arrival_small
D:2:      uniq_natasha, uniq_robin
D:3:      kiku_gazebo_garden_becter, old_standard_altar, uniq_jessica, uniq_ijyb
D:4:      first_ration, gup_ossuary_entry_pyramid
Ossuary:  ossuary_minmay_four_chambers
